 Dungeon Crawl Stone Soup version 0.29.1-15-g9cfb28693d (webtiles) character file.

Game seed: 12328699299588467534

73 Ast3rio the Trooper (level 4, 0/41 HPs)
             Began as a Minotaur Fighter on Mar 28, 2023.
             Frozen to death by an endoplasm (3 damage)
             ... on level 2 of the Dungeon.
             The game lasted 00:01:32 (1327 turns).

Ast3rio the Trooper (Minotaur Fighter)              Turns: 1327, Time: 00:01:32

Health: 0/41       AC:  0    Str: 22    XL:     4   Next: 8%
Magic:  3/3        EV:  9    Int:  5    God:
Gold:   110        SH:  4    Dex: 10    Spells: 3/3 levels left

rFire   . . .      SeeInvis .   f - +2 dagger (freeze)
rCold   . . .      Faith    .   c - +0 buckler
rNeg    . . .      Spirit   .   b - +0 scale mail
rPois   .          Reflect  .   (helmet restricted)
rElec   .          Harm     .   (no cloak)
rCorr   .          Rampage  .   (no gloves)
Will    .....                   (no boots)
Stlth   ..........              (no amulet)
HPRegen 0.13/turn               (no ring)
MPRegen 0.08/turn               (no ring)

@: corroded
A: horns 2, retaliatory headbutt
a: no special abilities


You were on level 2 of the Dungeon.
You visited 1 branch of the dungeon, and saw 2 of its levels.

You collected 110 gold pieces.

Inventory:

Hand Weapons
 a - a +0 war axe
 f - a +2 dagger of freezing (weapon)
Armour
 b - a +0 scale mail (worn)
 c - a +0 buckler (worn)
Scrolls
 e - a scroll of teleportation {unknown}
 i - 3 scrolls of identify {unknown}
Potions
 d - 2 potions of might
 g - a potion of invisibility {unknown}
 h - a potion of haste {unknown}
 j - a potion of magic {unknown}


   Skills:
 * Level 4.4 Fighting
 * Level 1.3 Short Blades
 + Level 2.6 Axes
 + Level 4.2 Armour
 + Level 0.2 Dodging
 + Level 4.4 Shields


You had 3 spell levels left.
You didn't know any spells.
Your spell library was empty.

Dungeon Overview and Level Annotations

Branches:
Dungeon (2/15)

Altars:


Innate Abilities, Weirdness & Mutations

You have a pair of horns on your head.
You reflexively headbutt those who attack you in melee.


Message History

The jelly is lightly wounded.
The jelly hits you but does no damage. The endoplasm barely misses you.
You hit the jelly. You freeze the jelly.
Your hands burn!
You headbutt the jelly!
You kill the jelly!
The endoplasm hits you but does no damage.
Your Shields skill increases to level 4!
You have reached level 4!
You feel agile.
You hit the endoplasm. You freeze the endoplasm.
Your headbutt misses the endoplasm.
The endoplasm is heavily wounded.
The endoplasm freezes you.
You are frozen.
The endoplasm freezes you.
You are frozen.
You hit the endoplasm. You freeze the endoplasm. You headbutt the endoplasm.
You kill the endoplasm!
The endoplasm closely misses you.
You hit the jelly but do no damage.
Your hands burn!
You headbutt the jelly.
The jelly is moderately wounded.
The jelly hits you but does no damage. The endoplasm freezes you.
You are frozen.
You hit the jelly. You freeze the jelly. The acid corrodes you!
Your hands burn!
The jelly is heavily wounded.
The jelly closely misses you. The endoplasm hits you.
You hit the jelly. You freeze the jelly. The acid corrodes you!
Your hands burn!
You headbutt the jelly, but do no damage.
The jelly is severely wounded.
The jelly hits you.
You are splashed with acid!
* * * LOW HITPOINT WARNING * * *
The endoplasm freezes you.
You are frozen.
* * * LOW HITPOINT WARNING * * *
The endoplasm freezes you.
You are frozen.
You die...

#######.####.###.#.#
###########........#.#.#
?P÷...÷..#######.#.#.#..
.........# #.#.#.###
...P÷..P.# #.. #.# #
.÷.P÷..÷.# #.....# #
.....J.J÷# #...#####
.÷...JJJJ# #........
#######@# #..######
##..)...## #...†....
#.######## #####........
##..'....# #...#...#####
####....# #.#.#........
#.......# #.#.#...#####
#...[...# #.......#
#.......######.#.#.#
#.......##.....#.#...


You could see a jelly and 5 endoplasms.

Vanquished Creatures
  A jelly (D:2)
  An adder (D:2)
  An orc (D:2)
  3 ball pythons (D:1)
  2 bats (D:1)
  5 endoplasms (D:2)
  4 goblins
  2 hobgoblins
  3 frilled lizards
  8 kobolds
  3 rats
33 creatures vanquished.

Vanquished Creatures (others)
  5 fungi (D:2)
  7 toadstools (D:2)
12 creatures vanquished.

Grand Total: 45 creatures vanquished

Notes
Turn   | Place    | Note
-------+----------+-------------------------------------------
     0 | D:1      | Ast3rio the Minotaur Fighter began the quest for the Orb.
     0 | D:1      | Reached XP level 1. HP: 19/19 MP: 0/0
   462 | D:1      | Reached XP level 2. HP: 27/27 MP: 1/1
  1006 | D:2      | Found a faded altar of an unknown god.
  1141 | D:2      | Reached XP level 3. HP: 32/33 MP: 2/2
  1317 | D:2      | Reached skill level 1 in Short Blades
  1323 | D:2      | Reached XP level 4. HP: 37/41 MP: 3/3
  1327 | D:2      | Frozen to death by an endoplasm

Illustrated notes

Levels and vault maps discovered:
D:1:      nicolae_arrival_somewhat_less_tricky_arrival, layout_loops_ring
D:2:      cheibrodos_fertilizer, layout_basic,
          hellmonk_ecumenical_altar_prayer_group, nicolae_hexahallways,
          dreamdust_mushroom_princess, st_stairs_5, uniq_jessica

Skill      XL: |  1  2  3 |
---------------+----------+-----
Fighting       | 4 |  4.4
Armour         | 4 |  4.2
Short Blades   | 1 |  1.3
Shields        | 4 |  4.4
Axes           | |  2.6
Dodging        | |  0.2

Action                   |  1- 3 |  4- 6 || total
-------------------------+-------+-------++-------
Melee: Dagger            |    56 |     5 ||    61
       War axe           |    11 |       ||    11
       Headbutt          |     9 |     3 ||    12
Armor: Scale mail        |    40 |     1 ||    41
Dodge: Dodged            |    27 |     2 ||    29
Block: Buckler           |    13 |       ||    13
